 Dungeon Crawl Stone Soup version 0.21.1-1-g345015fe64 (webtiles) character file.

896 Oravi the Slinger (level 8, -2/52 HPs)
             Began as a Halfling Hunter on Apr 21, 2018.
             Killed from afar by a smoke demon (20 damage)
             ... with a ball of steam
             ... on level 1 of the Abyss.
             The game lasted 00:15:17 (4688 turns).

Oravi the Slinger (Halfling Hunter)                 Turns: 4688, Time: 00:15:18

Health: -2/52      AC:  5    Str: 13    XL:     8   Next: 28%
Magic:  8/8        EV: 16    Int:  9    God:
Gold:   125        SH:  9    Dex: 17    Spells: 7/7 levels left

rFire    . . .     SeeInvis .   b - +0 short sword
rCold    . . .     Gourm    .   q - +0 buckler
rNeg     . . .     Faith    .   c - +1 leather armour
rPois    .         Spirit   .   (no helmet)
rElec    .         Reflect  +   (no cloak)
rCorr    .         Harm     .   m - +0 pair of gloves
MR       .....                  (no boots)
Stlth    ++........             l - +3 amulet of reflection
HPRegen  0.17/turn              (no ring)
MPRegen  0.11/turn              (no ring)

@: no status effects
A: small, mutation resistance 1
a: no special abilities


You were on level 1 of the Abyss.
You were not hungry.

You visited 1 branch of the dungeon, and saw 4 of its levels.
You visited the Abyss 1 time.
You also visited: Sewer.

You collected 125 gold pieces.

Inventory:

Hand Weapons
 a - a +1 hunting sling
 b - a +0 short sword (weapon)
Missiles
 d - a sling bullet
 g - 66 stones (quivered)
Armour
 c - a +1 leather armour (worn)
 m - a +0 pair of gloves (worn)
 q - a +0 buckler (worn)
Jewellery
 e - a cursed -2 ring of strength {unknown}
 l - a +3 amulet of reflection (around neck)
 n - an uncursed ring of resist corrosion {unknown}
Wands
 r - a wand of paralysis (10)
Scrolls
 h - a scroll of enchant armour
 v - a scroll of acquirement {unknown}
 w - a scroll of identify
 y - a scroll of fear {unknown}
Potions
 i - 4 potions of flight
 j - a potion of might
 k - a potion of curing
 o - a potion of cancellation
 p - 3 potions of ambrosia
 x - a potion of heal wounds
Comestibles
 f - 8 rations


   Skills:
 + Level 3.1 Fighting
 * Level 4.4 Short Blades
 + Level 9.4 Slings
 + Level 2.2 Armour
 * Level 4.1 Dodging
 - Level 1.1 Stealth
 * Level 3.3 Shields


You had 7 spell levels left.
You didn't know any spells.

Dungeon Overview and Level Annotations

Branches:
Dungeon (4/15)
 Temple: D:4-7

Altars:
The Shining One

Shops:
D:4 :

Annotations:
D:4 htuhola's ghost, amateur DECj


Innate Abilities, Weirdness & Mutations

You are small and have problems with some larger weapons.
You are somewhat resistant to further mutation.


Message History

The gnoll hits you with a halberd of distortion.
You are cast into the Abyss!
To return, you must find a gate leading back.
Killing monsters will force the Abyss to allow you passage.
This branch contains the abyssal rune of Zot.
Eating a chunk of flesh.
You eat the chunk of flesh.
This raw flesh tastes terrible.
Found 22 gold pieces.
A small abomination emerges from chaos.
Okay, then.
Found a gateway leading deeper into the Abyss.
The small abomination hits you!!
As you read the scroll labeled MIWETEUCVA, it crumbles to dust.
It is a scroll of amnesia.
You feel forgetful for a moment. The small abomination misses you.
A crystal guardian comes into view.
A smoke demon comes into view.
The smoke demon gestures at you. The ball of steam hits you!
You die...

. # . #######.## #.#..
#....#... #.
#...#.#.#....# . .#.
...#. ....### .# ....
#.#........##.# #.
#...##...#...###3..#...
#..#. ....##..§#... .
#. #...# ##...#§.#....
#.####
..#.###x.@.......
#.#....#.###.#.#...###.
#........#..#####..#
#.# ...#....# ## .##.
.#..##..# #
.#####..##.# #..### ###
# .... ..# ...>..#


You could see a small abomination.

Vanquished Creatures
  Edmund (D:4)
  Menkaure (D:4)
  An ogre (D:4)
  3 big kobolds (Sewer)
  An orc priest (D:4)
  2 hounds (D:4)
  An orc wizard (D:4)
  A worker ant (D:4)
  4 gnolls (D:4)
  5 adders
  3 river rats (Sewer)
  6 leopard geckos
  4 orcs (D:4)
  5 giant cockroaches
  6 goblins
  4 hobgoblins
  17 kobolds
  2 quokkas
  4 ball pythons (Sewer)
  10 bats
  3 frilled lizards
  28 rats
112 creatures vanquished.

Vanquished Creatures (others)
  A kobold (Sewer)
1 creature vanquished.

Grand Total: 113 creatures vanquished

Notes
Turn   | Place    | Note
-------+----------+-------------------------------------------
     0 | D:1      | Oravi the Halfling Hunter began the quest for the Orb.
     0 | D:1      | Reached XP level 1. HP: 14/14 MP: 1/1
   103 | D:1      | Reached skill level 1 in Short Blades
   154 | D:1      | Reached skill level 6 in Slings
   155 | D:1      | Reached XP level 2. HP: 19/19 MP: 2/2
   864 | D:2      | Reached XP level 3. HP: 24/24 MP: 3/3
  1565 | D:3      | Reached skill level 7 in Slings
  1583 | D:3      | Reached XP level 4. HP: 29/29 MP: 4/4
  1591 | D:3      | Found a glowing drain.
  1651 | Sewer    | Entered a sewer
  1852 | Sewer    | Noticed a big kobold
  1893 | Sewer    | Killed a big kobold
  1893 | Sewer    | Reached skill level 1 in Armour
  1893 | Sewer    | Reached skill level 1 in Shields
  1893 | Sewer    | Reached XP level 5. HP: 6/34 MP: 5/5
  2567 | Sewer    | Noticed a big kobold
  2579 | Sewer    | Killed a big kobold
  2579 | Sewer    | Reached XP level 6. HP: 41/41 MP: 6/6
  2807 | Sewer    | Reached skill level 8 in Slings
  3356 | D:4      | Reached XP level 7. HP: 45/45 MP: 7/7
  3684 | D:4      | Noticed Edmund
  3772 | D:4      | Killed Edmund
  3775 | D:4      | Reached skill level 9 in Slings
  3977 | D:4      | Found Wierr's Book Emporium.
  3987 | D:4      | Found a glowing golden altar of the Shining One.
  4004 | D:4      | Noticed Menkaure
  4010 | D:4      | Killed Menkaure
  4010 | D:4      | Reached XP level 8. HP: 22/52 MP: 8/8
  4190 | D:4      | Noticed htuhola's ghost (amateur DECj)
  4642 | D:4      | Cast into level 1 of the Abyss (gnoll)
  4680 | Abyss:1  | Noticed a crystal guardian
  4686 | Abyss:1  | Noticed a smoke demon
  4688 | Abyss:1  | Killed from afar by a smoke demon

Skill      XL: |  1  2  3  4  5  6  7  8 |
---------------+-------------------------+-----
Short Blades   | 1 2 3 4 |  4.4
Slings         | 6 7 8 9 |  9.4
Fighting       | 2 3 |  3.1
Armour         | 1 2 |  2.2
Shields        | 1 2 3 |  3.3
Dodging        | 3 4 |  4.1
Stealth        | |  1.1

Action                   |  1- 3 |  4- 6 |  7- 9 || total
-------------------------+-------+-------+-------++-------
Melee: Short sword       |     9 |    78 |   114 ||   201
 Fire: Hunting sling     |    91 |   142 |    86 ||   319
  Use: Scroll            |     5 |     5 |     1 ||    11
       Potion            |       |     2 |    10 ||    12
  Eat: Chunk             |     2 |     5 |     5 ||    12
Armor: Leather armour    |     7 |    19 |    10 ||    36
       Skin              |       |       |    19 ||    19
Dodge: Dodged            |    20 |    63 |    54 ||   137
Block: Other             |     2 |       |       ||     2
       Reflection        |     1 |     1 |       ||     2
       Buckler           |     4 |    40 |    38 ||    82
